test
12 | 0:01 | | |
13 | 0:15 | | |
13 | 0:18 | | |
14 | 0:33 | | |
17 | 0:49 | | |
17 | 1:11 | | |
16 | 1:13 | | |
17 | 1:22 | | |
18 | 1:33 | | |
18 | 1:37 | | |
21 | 1:42 | | Send Lings Cross Map and avoid reaper |
22 | 1:52 | | |
22 | 2:13 | | Use Queen vs Reaper |
26 | 2:22 | | Keep Drones in Gas |
26 | 2:25 | | |
32 | 2:48 | | |
36 | 2:54 | | |
38 | 3:21 | | |
39 | 3:31 | | first 150 Gas after Ling speed |
43 | 3:39 | | |
44 | 3:43 | | |
44 | 3:57 | | |
44 | 3:59 | | |
44 | 4:02 | | @ 2 Base Sat (32 Drones on Minerals) 3 more gas |
42 | 4:09 | | |
48 | 4:11 | | |
48 | 4:14 | | Use 8 Lings for Drop |
59 | 4:43 | | Mass Ling @ 2 Base Saturation |
63 | 4:53 | | |
63 | 4:54 | | |
63 | 4:57 | | |
68 | 5:00 | | |
73 | 5:39 | | |
73 | 5:42 | | 2nd evo for Melee upgrades |
73 | 5:43 | | can be delayed versus extreme pressure |
73 | 5:44 | | for Infestors |
73 | 5:45 | | |
77 | 5:58 | | |
77 | 5:59 | | "optional" |
76 | 6:13 | | |
76 | 6:25 | | |
76 | 6:30 | | |
82 | 6:36 | | |
81 | 6:46 | | |
84 | 7:12 | | 7:00-7:30 Ultra cavern |
84 | 7:17 | | |
94 | 7:23 | | |
94 | 7:25 | | |
98 | 7:54 | | |
98 | 8:03 | | |
96 | 8:06 | | Don't forget +2 melee |
96 | 8:08 | | |
119 | 8:38 | | |
118 | 8:42 | | |
130 | 8:53 | | |
129 | 9:26 | | |
140 | 9:45 | | For Corruptors / Broodlords |
Test